Blues vs Avalanche
Created - 28 octobre 2012 at 22:12
Simulating a Pre-Season
Goals
|
Blues |
2 |
1 |
2 |
5 |
Avalanche |
1 |
1 |
0 |
2 |
|
Shots
|
Blues |
8 |
13 |
10 |
31 |
Avalanche |
11 |
12 |
5 |
28 |
|
1st period
1. Blues , Henrik Zetterberg 1 (Tobias Enstrom, Jamie Langenbrunner) at 1:41
2. Avalanche , Rostislav Olesz 1 (Jeremy Roenick, Bobby Ryan) at 6:12
3. Blues , Henrik Zetterberg 2 (Tomas Plekanec, Teemu Selanne) at 17:48
Penalties :
Tobias Enstrom (STL) for Hooking (Minor) at 17:56
2nd period
4. Avalanche , Mike Comrie 1 (Ryan Smyth) at 7:02
5. Blues , Teemu Selanne 1 (Stephane Robidas, Travis Zajac) at 13:16 (PP)
Penalties :
Curtis Glencross (Col) for Roughing (Minor) at 3:02, Ron Hainsey (Col) for Interference (Minor) at 7:45, Rod Brind'Amour (Col) for High sticking (Minor) at 13:02, Frantisek Kaberle (Col) for Hooking (Minor) at 13:27
3rd period
6. Blues , Éric Belanger 1 (Stephane Robidas, Tomas Plekanec) at 5:58 (PP)
7. Blues , R.J. Umberger 1 (Matthew Lombardi) at 19:34
Penalties :
Ryan Smyth (Col) for Unsportsmanlike conduct (Major / Game Misconduct) at 2:31, Jarkko Ruutu (Col) for Hooking (Minor) at 11:35, Éric Perrin (Col) for Interference (Minor) at 14:47, Frantisek Kaberle (Col) for Tripping (Minor) at 19:41
Goalie Stats
Tuukka Rask (STL), 26 saves from 28 shots - (0,929), W, 1-0-0, 60:00 minutes
Antti Niemi (Col), 26 saves from 31 shots - (0,839), L, 0-1-0, 60:00 minutes
Players Stats for Blues
Player Name G A P +/- PIM S H SB GA TA FO MP PP MP PK MP
------------------------------------------------------------------------------------
Bryce Lampman 0 0 0 0 0 1 3 2 0 1 0/0 15:43 0:00 0:54
Dan Boyle 0 0 0 1 0 0 5 4 0 1 0/0 26:15 8:47 1:05
Éric Belanger 1 0 1 0 0 3 2 1 0 0 2/6 9:38 0:08 0:55
Evgeny Artyukhin 0 0 0 1 0 0 2 0 0 0 1/1 11:21 0:42 0:00
Henrik Zetterberg 2 0 2 1 0 5 2 0 0 0 0/2 17:36 6:33 0:43
Jamie Langenbrunner 0 1 1 1 0 1 1 0 0 0 0/0 17:42 6:31 0:55
Matthew Lombardi 0 1 1 1 0 2 2 3 0 0 1/6 12:13 0:34 0:42
Niklas Kronwall 0 0 0 0 0 0 1 0 0 0 0/0 19:00 6:39 0:54
Paul Kariya 0 0 0 -1 0 3 1 0 2 0 1/2 21:00 8:13 0:00
R.J. Umberger 1 0 1 1 0 2 1 0 0 0 0/1 10:44 0:11 0:00
Stephane Robidas 0 2 2 0 0 0 0 1 0 2 0/0 18:28 6:39 0:00
Steve McCarthy 0 0 0 0 0 0 1 1 0 1 0/0 15:13 0:00 1:05
Teemu Selanne 1 1 2 -1 0 8 2 1 0 0 0/2 21:22 8:13 0:22
Tobias Enstrom 0 1 1 1 2 3 1 1 0 3 0/0 25:24 8:47 0:00
Tomas Plekanec 0 2 2 1 0 1 0 0 0 0 4/11 16:47 6:31 0:00
Travis Zajac 0 1 1 -1 0 2 1 0 2 0 15/28 21:00 8:13 0:00
Vaclav Varada 0 0 0 0 0 0 2 0 1 0 0/0 9:45 0:29 0:21
Ville Peltonen 0 0 0 0 0 0 0 2 0 0 0/0 8:49 0:00 0:00
Players Stats for Avalanche
Player Name G A P +/- PIM S H SB GA TA FO MP PP MP PK MP
------------------------------------------------------------------------------------
Bobby Ryan 0 1 1 1 0 4 1 0 1 0 2/2 12:33 0:49 0:00
Chuck Kobasew 0 0 0 -2 0 0 2 0 0 1 1/2 13:38 0:00 4:30
Curtis Glencross 0 0 0 0 2 1 3 0 0 0 0/0 10:49 0:00 2:29
Éric Perrin 0 0 0 0 2 2 1 0 0 0 5/5 9:46 0:49 1:39
Frantisek Kaberle 0 0 0 -1 4 2 1 2 1 1 0/0 18:54 1:14 0:30
Jack Johnson 0 0 0 1 0 1 1 1 0 0 0/0 21:01 1:14 6:54
Jarkko Ruutu 0 0 0 -2 2 0 3 1 1 0 0/0 13:36 0:00 4:11
Jason Pominville 0 0 0 0 0 2 2 0 1 0 0/1 15:37 1:10 0:00
Jeremy Roenick 0 1 1 0 0 5 2 0 1 0 5/8 14:50 1:10 0:17
Marc Staal 0 0 0 -1 0 1 0 1 0 0 0/0 22:55 0:00 8:21
Martin Lapointe 0 0 0 0 0 1 0 0 0 1 0/0 15:39 0:00 8:19
Mike Comrie 1 0 1 0 0 1 2 2 0 1 11/21 15:16 0:45 0:00
Ossi Vaananen 0 0 0 -1 0 0 1 1 0 0 0/0 21:12 0:00 8:21
Rod Brind'Amour 0 0 0 -2 2 1 2 0 1 1 9/18 17:10 0:00 8:07
Ron Hainsey 0 0 0 -1 2 0 1 1 0 0 0/0 19:05 0:00 6:03
Rostislav Olesz 1 0 1 1 0 4 1 0 1 0 0/0 12:26 0:49 0:01
Ryan Smyth 0 1 1 1 15 1 2 0 1 0 2/2 13:26 1:10 1:19
Scott Hannan 0 0 0 1 0 2 0 1 0 0 0/0 16:33 0:45 0:43
3 Stars
1 - Henrik Zetterberg (STL)
2 - Teemu Selanne (STL)
3 - Rostislav Olesz (Col)
Power Play
Blues - 2 on 8 Attempt(s) - 25,00%
Avalanche - 0 on 1 Attempt(s) - 0,00%
Penalty Kill
Blues - 1 on 1 Attempt(s) - 100,00%
- Score 0 goal in Penalty Kill
Avalanche - 6 on 8 Attempt(s) - 75,00%
- Score 0 goal in Penalty Kill
Official
Referees : Unknown
Linesman : Unknown
Game Notes
Ryan Smyth ejected from game at 2:31 of 3rd period
Blues
5 vs 5 Forward
Center Left Wing Right Wing Time % Phy DF OF
1 Travis Zajac Paul Kariya Teemu Selanne 40 1 2 2
2 Tomas Plekanec Henrik Zetterberg Jamie Langenbrunner 30 1 2 2
3 Matthew Lombardi R.J. Umberger Evgeny Artyukhin 20 1 2 2
4 Éric Belanger Ville Peltonen Vaclav Varada 10 1 2 2
5 vs 5 Defense
Defense Defense Time % Phy DF OF
1 Dan Boyle Tobias Enstrom 40 1 2 2
2 Bryce Lampman Stephane Robidas 30 1 2 2
3 Steve McCarthy Niklas Kronwall 20 1 2 2
4 Bryce Lampman Steve McCarthy 10 1 2 2
PowerPlay Forward
Center Left Wing Right Wing Time % Phy DF OF
1 Travis Zajac Paul Kariya Teemu Selanne 55 1 2 2
2 Tomas Plekanec Henrik Zetterberg Jamie Langenbrunner 45 1 2 2
PowerPlay Defense
Defense Defense Time % Phy DF OF
1 Tobias Enstrom Dan Boyle 60 1 2 2
2 Stephane Robidas Niklas Kronwall 40 1 2 2
Penalty Kill 4 Players Forward
Center Wing Time % Phy DF OF
1 Éric Belanger Jamie Langenbrunner 60 1 2 2
2 Matthew Lombardi Vaclav Varada 40 1 2 2
Penalty Kill 4 Players Defense
Defense Defense Time % Phy DF OF
1 Steve McCarthy Dan Boyle 60 1 2 2
2 Bryce Lampman Tobias Enstrom 40 1 2 2
Penalty Kill - 3 Players Forward
Forward Time % Phy DF OF
1 Éric Belanger 60 1 2 2
2 Matthew Lombardi 40 1 2 2
Penalty Kill - 3 Players Defense
Defense Defense Time % Phy DF OF
1 Dan Boyle Bryce Lampman 60 1 2 2
2 Steve McCarthy Tobias Enstrom 40 1 2 2
4 vs 4 Forward
Center Wing Time % Phy DF OF
1 Tomas Plekanec Paul Kariya 60 1 2 2
2 Travis Zajac Henrik Zetterberg 40 1 2 2
4 vs 4 Defense
Defense Defense Time % Phy DF OF
1 Dan Boyle Stephane Robidas 60 1 2 2
2 Tobias Enstrom Bryce Lampman 40 1 2 2
Last Minutes Offensive
Center Left Wing Right Wing Defense Defense
Travis Zajac Paul Kariya Teemu Selanne Dan Boyle Tobias Enstrom
Last Minutes Defensive
Center Left Wing Right Wing Defense Defense
Éric Belanger Paul Kariya Teemu Selanne Bryce Lampman Steve McCarthy
Goaltenders
Starting : Tuukka Rask
Backup : Tim Thomas
Extra Forwards
Normal : R.J. Umberger, Matthew Lombardi, Ville Peltonen - PP : Matthew Lombardi, Evgeny Artyukhin - PK : Teemu Selanne
Extra Defensemen
Normal : Stephane Robidas, Steve McCarthy, Dan Boyle - PP : Bryce Lampman - PK : Tobias Enstrom, Niklas Kronwall
Penalty Shots
Teemu Selanne, Paul Kariya, Travis Zajac, Henrik Zetterberg, Jamie Langenbrunner
Avalanche
5 vs 5 Forward
Center Left Wing Right Wing Time % Phy DF OF
1 Mike Comrie Ryan Smyth Jason Pominville 40 1 2 2
2 Jeremy Roenick Rostislav Olesz Bobby Ryan 30 1 2 2
3 Rod Brind'Amour Jarkko Ruutu Chuck Kobasew 20 1 2 2
4 Éric Perrin Curtis Glencross Martin Lapointe 10 1 2 2
5 vs 5 Defense
Defense Defense Time % Phy DF OF
1 Frantisek Kaberle Marc Staal 35 1 2 2
2 Jack Johnson Scott Hannan 35 1 2 2
3 Ossi Vaananen Ron Hainsey 30 1 2 2
4 Frantisek Kaberle Marc Staal 0 1 2 2
PowerPlay Forward
Center Left Wing Right Wing Time % Phy DF OF
1 Jeremy Roenick Ryan Smyth Jason Pominville 60 0 2 3
2 Éric Perrin Rostislav Olesz Bobby Ryan 40 0 2 3
PowerPlay Defense
Defense Defense Time % Phy DF OF
1 Jack Johnson Frantisek Kaberle 60 1 2 2
2 Mike Comrie Scott Hannan 40 1 2 2
Penalty Kill 4 Players Forward
Center Wing Time % Phy DF OF
1 Rod Brind'Amour Martin Lapointe 60 1 3 1
2 Chuck Kobasew Jarkko Ruutu 40 1 3 1
Penalty Kill 4 Players Defense
Defense Defense Time % Phy DF OF
1 Marc Staal Ossi Vaananen 60 1 3 1
2 Ron Hainsey Jack Johnson 40 1 3 1
Penalty Kill - 3 Players Forward
Forward Time % Phy DF OF
1 Jeremy Roenick 60 1 3 1
2 Rod Brind'Amour 40 1 3 1
Penalty Kill - 3 Players Defense
Defense Defense Time % Phy DF OF
1 Marc Staal Ossi Vaananen 60 1 3 1
2 Jack Johnson Scott Hannan 40 1 3 1
4 vs 4 Forward
Center Wing Time % Phy DF OF
1 Rod Brind'Amour Ryan Smyth 60 1 2 2
2 Jeremy Roenick Jason Pominville 40 1 2 2
4 vs 4 Defense
Defense Defense Time % Phy DF OF
1 Frantisek Kaberle Marc Staal 60 1 2 2
2 Jack Johnson Ossi Vaananen 40 1 2 2
Last Minutes Offensive
Center Left Wing Right Wing Defense Defense
Jeremy Roenick Ryan Smyth Jason Pominville Frantisek Kaberle Jack Johnson
Last Minutes Defensive
Center Left Wing Right Wing Defense Defense
Rod Brind'Amour Jarkko Ruutu Martin Lapointe Marc Staal Ossi Vaananen
Goaltenders
Starting : Antti Niemi
Backup : Patrick Lalime
Extra Forwards
Normal : Jeremy Roenick, Ryan Smyth, Jason Pominville - PP : Rod Brind'Amour, Jarkko Ruutu - PK : Ryan Smyth
Extra Defensemen
Normal : Marc Staal, Frantisek Kaberle, Jack Johnson - PP : Ossi Vaananen - PK : Scott Hannan, Frantisek Kaberle
Penalty Shots
Ryan Smyth, Mike Comrie, Bobby Ryan, Rod Brind'Amour, Jeremy Roenick
% Time on Ice - Blues
Lines # - Real PCT - Wanted PCT - Time Play
Normal Forward
1 - 31% - 40% - 13:11
2 - 26% - 30% - 10:53
3 - 23% - 20% - 9:56
4 - 20% - 10% - 8:35
Normal Defense
1 - 36% - 40% - 15:32
2 - 28% - 30% - 11:51
3 - 22% - 20% - 9:10
4 - 14% - 10% - 6:02
PP Forward
1 - 55% - 55% - 8:32
2 - 45% - 45% - 6:54
PP Defense
1 - 57% - 60% - 8:47
2 - 43% - 40% - 6:39
PK Forward
1 - 82% - 60% - 1:38
2 - 18% - 40% - 0:21
PK Defense
1 - 55% - 60% - 1:05
2 - 45% - 40% - 0:54
PK3 Forward
1 - 0% - 60%
2 - 0% - 40%
PK3 Defense
1 - 0% - 60%
2 - 0% - 40%
44 Forward
1 - 0% - 60%
2 - 0% - 40%
44 Defense
1 - 0% - 60%
2 - 0% - 40%
Last Minute Offensive - 0:00
Last Minute Defensive - 0:00
Total
Forward - 60:00
Defense - 60:00
|
% Time on Ice - Avalanche
Lines # - Real PCT - Wanted PCT - Time Play
Normal Forward
1 - 35% - 40% - 14:56
2 - 28% - 30% - 12:05
3 - 20% - 20% - 8:39
4 - 16% - 10% - 6:55
Normal Defense
1 - 35% - 35% - 14:42
2 - 38% - 35% - 16:04
3 - 27% - 30% - 11:41
4 - 0% - 0% - 0:08
PP Forward
1 - 59% - 60% - 1:10
2 - 41% - 40% - 0:49
PP Defense
1 - 62% - 60% - 1:14
2 - 38% - 40% - 0:45
PK Forward
1 - 71% - 60% - 10:56
2 - 29% - 40% - 4:30
PK Defense
1 - 54% - 60% - 8:21
2 - 46% - 40% - 7:05
PK3 Forward
1 - 0% - 60%
2 - 0% - 40%
PK3 Defense
1 - 0% - 60%
2 - 0% - 40%
44 Forward
1 - 0% - 60%
2 - 0% - 40%
44 Defense
1 - 0% - 60%
2 - 0% - 40%
Last Minute Offensive - 0:00
Last Minute Defensive - 0:00
Total
Forward - 60:00
Defense - 60:00
|
Play by Play
1st period
0:01 of 1st period - Mike Comrie wins face-off versus Travis Zajac in neutral zone.
0:08 of 1st period - Snap shot by Jason Pominville.
0:08 of 1st period - Shot Misses the Net.
0:10 of 1st period - Slapshot by Marc Staal.
0:10 of 1st period - Stopped by Tuukka Rask without a rebound.
0:11 of 1st period - Tomas Plekanec wins face-off versus Jeremy Roenick in Blues zone.
0:22 of 1st period - Wrist shot by Henrik Zetterberg.
0:22 of 1st period - Shot Hit the Post.
0:25 of 1st period - Icing by Jack Johnson.
0:26 of 1st period - Bobby Ryan wins face-off versus Matthew Lombardi in Avalanche zone.
0:37 of 1st period - Wrist shot by Jeremy Roenick.
0:37 of 1st period - Shot Blocked by Matthew Lombardi.
0:39 of 1st period - Wrist shot by Scott Hannan.
0:39 of 1st period - Stopped by Tuukka Rask with a rebound.
0:45 of 1st period - Wrist shot by Bobby Ryan.
0:45 of 1st period - Stopped by Tuukka Rask with a rebound.
0:47 of 1st period - Wrist shot by Jeremy Roenick.
0:47 of 1st period - Stopped by Tuukka Rask with a rebound.
0:49 of 1st period - Slapshot by Scott Hannan.
0:49 of 1st period - Shot Blocked by Matthew Lombardi.
0:51 of 1st period - Slapshot by Jack Johnson.
0:51 of 1st period - Stopped by Tuukka Rask with a rebound.
0:57 of 1st period - Wrist shot by Jeremy Roenick.
0:57 of 1st period - Stopped by Tuukka Rask with a rebound.
0:59 of 1st period - Snap shot by Bobby Ryan.
0:59 of 1st period - Deflect By Jeremy Roenick.
0:59 of 1st period - Stopped by Tuukka Rask with a rebound.
1:01 of 1st period - Snap shot by Jeremy Roenick.
1:01 of 1st period - Stopped by Tuukka Rask without a rebound.
1:02 of 1st period - Mike Comrie wins face-off versus Travis Zajac in Blues zone.
1:24 of 1st period - Icing by Dan Boyle.
1:25 of 1st period - Rod Brind'Amour wins face-off versus Tomas Plekanec in Blues zone.
1:34 of 1st period - Frantisek Kaberle is hit by Dan Boyle and loses puck.
1:39 of 1st period - Snap shot by Jamie Langenbrunner.
1:39 of 1st period - Shot Misses the Net.
1:41 of 1st period - Slapshot by Tobias Enstrom.
1:41 of 1st period - Deflect By Henrik Zetterberg.
1:41 of 1st period - Goal by Henrik Zetterberg - Blues : 1 - Avalanche : 0.
1:42 of 1st period - Mike Comrie wins face-off versus Éric Belanger in neutral zone.
3:06 of 1st period - Snap shot by Evgeny Artyukhin.
3:06 of 1st period - Shot Misses the Net.
3:42 of 1st period - Wrist shot by Teemu Selanne.
3:42 of 1st period - Stopped by Antti Niemi without a rebound.
3:43 of 1st period - Travis Zajac wins face-off versus Mike Comrie in Avalanche zone.
3:44 of 1st period - Wrist shot by Teemu Selanne.
3:44 of 1st period - Stopped by Antti Niemi without a rebound.
3:45 of 1st period - Travis Zajac wins face-off versus Mike Comrie in Avalanche zone.
4:05 of 1st period - Snap shot by Teemu Selanne.
4:05 of 1st period - Stopped by Antti Niemi with a rebound.
4:54 of 1st period - Wrist shot by Paul Kariya.
4:54 of 1st period - Stopped by Antti Niemi with a rebound.
5:04 of 1st period - Snap shot by Jason Pominville.
5:04 of 1st period - Shot Misses the Net.
5:56 of 1st period - Off-side.
5:57 of 1st period - Jeremy Roenick wins face-off versus Tomas Plekanec in neutral zone.
6:12 of 1st period - Snap shot by Rostislav Olesz.
6:12 of 1st period - Goal by Rostislav Olesz - Blues : 1 - Avalanche : 1.
6:13 of 1st period - Jeremy Roenick wins face-off versus Tomas Plekanec in neutral zone.
7:40 of 1st period - Tobias Enstrom is hit by Rod Brind'Amour and loses puck.
8:00 of 1st period - Martin Lapointe is hit by Éric Belanger and loses puck.
8:32 of 1st period - Marc Staal is hit by R.J. Umberger and loses puck.
10:08 of 1st period - Ron Hainsey is hit by Teemu Selanne and loses puck.
10:28 of 1st period - Ossi Vaananen is hit by Evgeny Artyukhin.
10:42 of 1st period - Frantisek Kaberle is hit by Jamie Langenbrunner and loses puck.
11:09 of 1st period - Paul Kariya is hit by Ryan Smyth and loses puck.
12:00 of 1st period - Snap shot by Bobby Ryan.
12:00 of 1st period - Stopped by Tuukka Rask with a rebound.
12:06 of 1st period - Jack Johnson is hit by Evgeny Artyukhin and loses puck.
12:19 of 1st period - Éric Belanger is hit by Jason Pominville.
12:44 of 1st period - Rod Brind'Amour is hit by Paul Kariya and loses puck.
12:59 of 1st period - Icing by Jamie Langenbrunner.
13:00 of 1st period - Éric Perrin wins face-off versus Henrik Zetterberg in Blues zone.
13:03 of 1st period - Wrist shot by Éric Perrin.
13:03 of 1st period - Stopped by Tuukka Rask with a rebound.
13:30 of 1st period - Bryce Lampman is hit by Curtis Glencross and loses puck.
14:09 of 1st period - Ron Hainsey is hit by Dan Boyle and loses puck.
14:20 of 1st period - Snap shot by Éric Perrin.
14:20 of 1st period - Deflect By Dan Boyle.
14:20 of 1st period - Shot Misses the Net.
14:20 of 1st period - Puck is out of play.
14:21 of 1st period - Travis Zajac wins face-off versus Mike Comrie in Blues zone.
15:10 of 1st period - Wrist shot by Matthew Lombardi.
15:10 of 1st period - Shot Misses the Net.
15:12 of 1st period - Snap shot by Matthew Lombardi.
15:12 of 1st period - Shot Blocked by Jarkko Ruutu.
15:14 of 1st period - Slapshot by Steve McCarthy.
15:14 of 1st period - Deflect By Matthew Lombardi.
15:14 of 1st period - Stopped by Antti Niemi without a rebound.
15:15 of 1st period - Travis Zajac wins face-off versus Rod Brind'Amour in Avalanche zone.
15:47 of 1st period - Snap shot by Jason Pominville.
15:47 of 1st period - Shot Blocked by Dan Boyle.
15:49 of 1st period - Slapshot by Frantisek Kaberle.
15:49 of 1st period - Shot Blocked by Ville Peltonen.
16:41 of 1st period - Snap shot by Henrik Zetterberg.
16:41 of 1st period - Shot Misses the Net.
16:43 of 1st period - Snap shot by Niklas Kronwall.
16:43 of 1st period - Shot Blocked by Jack Johnson.
16:45 of 1st period - Wrist shot by Henrik Zetterberg.
16:45 of 1st period - Shot Misses the Net.
16:47 of 1st period - Snap shot by Jamie Langenbrunner.
16:47 of 1st period - Stopped by Antti Niemi with a rebound.
17:44 of 1st period - Snap shot by Henrik Zetterberg.
17:44 of 1st period - Shot Blocked by Ossi Vaananen.
17:46 of 1st period - Backhand shot by Tomas Plekanec.
17:46 of 1st period - Shot Misses the Net.
17:48 of 1st period - Snap shot by Henrik Zetterberg.
17:48 of 1st period - Goal by Henrik Zetterberg - Blues : 2 - Avalanche : 1.
17:49 of 1st period - Travis Zajac wins face-off versus Mike Comrie in neutral zone.
17:51 of 1st period - Off-side.
17:52 of 1st period - Mike Comrie wins face-off versus Travis Zajac in neutral zone.
17:56 of 1st period - Minor Penalty to Tobias Enstrom for Hooking.
17:57 of 1st period - Jeremy Roenick wins face-off versus Éric Belanger in Blues zone.
18:00 of 1st period - Wrist shot by Ryan Smyth.
18:00 of 1st period - Deflect By Éric Belanger.
18:00 of 1st period - Shot Blocked by Dan Boyle.
18:00 of 1st period - Puck is out of play.
18:01 of 1st period - Éric Belanger wins face-off versus Jeremy Roenick in Blues zone.
19:08 of 1st period - Niklas Kronwall is hit by Mike Comrie and loses puck.
19:25 of 1st period - Ryan Smyth is hit by Teemu Selanne and loses puck.
19:38 of 1st period - Icing by Jack Johnson.
19:39 of 1st period - Jeremy Roenick wins face-off versus Matthew Lombardi in Avalanche zone.
19:52 of 1st period - Matthew Lombardi is hit by Frantisek Kaberle and loses puck.
19:56 of 1st period - Penalty to Tobias Enstrom is over, Tobias Enstrom is back on ice.
2nd period
0:01 of 2nd period - Travis Zajac wins face-off versus Mike Comrie in neutral zone.
0:06 of 2nd period - Slapshot by Dan Boyle.
0:06 of 2nd period - Shot Misses the Net.
0:08 of 2nd period - Slapshot by Dan Boyle.
0:08 of 2nd period - Shot Blocked by Scott Hannan.
0:46 of 2nd period - Snap shot by Rod Brind'Amour.
0:46 of 2nd period - Stopped by Tuukka Rask with a rebound.
0:52 of 2nd period - Jack Johnson is hit by Bryce Lampman and loses puck.
1:09 of 2nd period - Wrist shot by Éric Perrin.
1:09 of 2nd period - Stopped by Tuukka Rask with a rebound.
1:56 of 2nd period - Slapshot by Jamie Langenbrunner.
1:56 of 2nd period - Shot Misses the Net.
2:51 of 2nd period - Snap shot by Éric Belanger.
2:51 of 2nd period - Stopped by Antti Niemi without a rebound.
2:52 of 2nd period - Éric Perrin wins face-off versus Éric Belanger in Avalanche zone.
2:52 of 2nd period - Éric Perrin is hit by Éric Belanger.
3:02 of 2nd period - Minor Penalty to Curtis Glencross for Roughing.
3:03 of 2nd period - Rod Brind'Amour wins face-off versus Teemu Selanne in Avalanche zone.
5:02 of 2nd period - Penalty to Curtis Glencross is over, Curtis Glencross is back on ice.
5:09 of 2nd period - Stephane Robidas is hit by Rostislav Olesz and loses puck.
5:14 of 2nd period - Wrist shot by Rostislav Olesz.
5:14 of 2nd period - Stopped by Tuukka Rask without a rebound.
5:15 of 2nd period - Bobby Ryan wins face-off versus Matthew Lombardi in Blues zone.
5:16 of 2nd period - Snap shot by Rostislav Olesz.
5:16 of 2nd period - Shot Misses the Net.
5:18 of 2nd period - Snap shot by Rostislav Olesz.
5:18 of 2nd period - Stopped by Tuukka Rask with a rebound.
5:20 of 2nd period - Slapshot by Scott Hannan.
5:20 of 2nd period - Shot Blocked by Matthew Lombardi.
5:22 of 2nd period - Wrist shot by Scott Hannan.
5:22 of 2nd period - Stopped by Tuukka Rask without a rebound.
5:23 of 2nd period - Mike Comrie wins face-off versus Matthew Lombardi in Blues zone.
5:28 of 2nd period - Slapshot by Jason Pominville.
5:28 of 2nd period - Shot Blocked by Steve McCarthy.
5:30 of 2nd period - Slapshot by Frantisek Kaberle.
5:30 of 2nd period - Deflect By Ryan Smyth.
5:30 of 2nd period - Stopped by Tuukka Rask with a rebound.
5:34 of 2nd period - Slapshot by Jason Pominville.
5:34 of 2nd period - Stopped by Tuukka Rask with a rebound.
5:36 of 2nd period - Snap shot by Jason Pominville.
5:36 of 2nd period - Shot Misses the Net.
5:38 of 2nd period - Snap shot by Mike Comrie.
5:38 of 2nd period - Shot Blocked by Bryce Lampman.
5:56 of 2nd period - Snap shot by Teemu Selanne.
5:56 of 2nd period - Stopped by Antti Niemi with a rebound.
6:24 of 2nd period - Wrist shot by Bobby Ryan.
6:24 of 2nd period - Stopped by Tuukka Rask with a rebound.
6:26 of 2nd period - Snap shot by Bobby Ryan.
6:26 of 2nd period - Shot Blocked by Dan Boyle.
6:28 of 2nd period - Wrist shot by Rostislav Olesz.
6:28 of 2nd period - Shot Blocked by Éric Belanger.
6:30 of 2nd period - Slapshot by Frantisek Kaberle.
6:30 of 2nd period - Stopped by Tuukka Rask with a rebound.
6:46 of 2nd period - Snap shot by Bobby Ryan.
6:46 of 2nd period - Shot Blocked by Tobias Enstrom.
6:48 of 2nd period - Slapshot by Bobby Ryan.
6:48 of 2nd period - Shot Misses the Net.
6:50 of 2nd period - Wrist shot by Jeremy Roenick.
6:50 of 2nd period - Shot Misses the Net.
6:52 of 2nd period - Wrist shot by Bobby Ryan.
6:52 of 2nd period - Shot Misses the Net.
6:54 of 2nd period - Slapshot by Scott Hannan.
6:54 of 2nd period - Shot Blocked by Dan Boyle.
6:56 of 2nd period - Slapshot by Frantisek Kaberle.
6:56 of 2nd period - Stopped by Tuukka Rask without a rebound.
6:57 of 2nd period - Mike Comrie wins face-off versus Travis Zajac in Blues zone.
7:02 of 2nd period - Snap shot by Mike Comrie.
7:02 of 2nd period - Goal by Mike Comrie - Blues : 2 - Avalanche : 2.
7:03 of 2nd period - Mike Comrie wins face-off versus Travis Zajac in neutral zone.
7:15 of 2nd period - Wrist shot by Travis Zajac.
7:15 of 2nd period - Stopped by Antti Niemi without a rebound.
7:16 of 2nd period - Travis Zajac wins face-off versus Mike Comrie in Avalanche zone.
7:19 of 2nd period - Snap shot by Teemu Selanne.
7:19 of 2nd period - Shot Misses the Net.
7:41 of 2nd period - Chuck Kobasew is hit by Bryce Lampman.
7:45 of 2nd period - Snap shot by Matthew Lombardi.
7:45 of 2nd period - Deflect By R.J. Umberger.
7:45 of 2nd period - Stopped by Antti Niemi without a rebound.
7:45 of 2nd period - Minor Penalty to Ron Hainsey for Interference.
7:46 of 2nd period - Rod Brind'Amour wins face-off versus Travis Zajac in Avalanche zone.
9:45 of 2nd period - Penalty to Ron Hainsey is over, Ron Hainsey is back on ice.
10:28 of 2nd period - Icing by Bryce Lampman.
10:29 of 2nd period - Evgeny Artyukhin wins face-off versus Mike Comrie in Blues zone.
10:38 of 2nd period - Backhand shot by Bryce Lampman.
10:38 of 2nd period - Shot Blocked by Mike Comrie.
11:21 of 2nd period - Wrist shot by Henrik Zetterberg.
11:21 of 2nd period - Stopped by Antti Niemi with a rebound.
11:23 of 2nd period - Snap shot by Henrik Zetterberg.
11:23 of 2nd period - Stopped by Antti Niemi without a rebound.
11:24 of 2nd period - Tomas Plekanec wins face-off versus Rod Brind'Amour in Avalanche zone.
12:15 of 2nd period - Snap shot by Jeremy Roenick.
12:15 of 2nd period - Deflect By Rostislav Olesz.
12:15 of 2nd period - Shot Blocked by Ville Peltonen.
12:15 of 2nd period - Puck is out of play.
12:16 of 2nd period - Éric Belanger wins face-off versus Jeremy Roenick in Blues zone.
12:16 of 2nd period - Éric Belanger is hit by Jeremy Roenick.
12:24 of 2nd period - Rostislav Olesz is hit by Vaclav Varada and loses puck.
12:57 of 2nd period - Snap shot by Vaclav Varada.
12:57 of 2nd period - Shot Misses the Net.
13:01 of 2nd period - Wrist shot by Éric Belanger.
13:01 of 2nd period - Stopped by Antti Niemi with a rebound.
13:02 of 2nd period - Minor Penalty to Rod Brind'Amour for High sticking.
13:03 of 2nd period - Ryan Smyth wins face-off versus Travis Zajac in Avalanche zone.
13:16 of 2nd period - Snap shot by Teemu Selanne.
13:16 of 2nd period - Goal by Teemu Selanne - Blues : 3 - Avalanche : 2.
13:17 of 2nd period - Ryan Smyth wins face-off versus Travis Zajac in neutral zone.
13:20 of 2nd period - Slapshot by Marc Staal.
13:20 of 2nd period - Shot Blocked by Teemu Selanne.
13:27 of 2nd period - Minor Penalty to Frantisek Kaberle for Hooking.
13:28 of 2nd period - Paul Kariya wins face-off versus Rod Brind'Amour in Avalanche zone.
13:59 of 2nd period - Wrist shot by Henrik Zetterberg.
13:59 of 2nd period - Stopped by Antti Niemi with a rebound.
14:01 of 2nd period - Slapshot by Dan Boyle.
14:01 of 2nd period - Deflect By Tomas Plekanec.
14:01 of 2nd period - Shot Misses the Net.
14:01 of 2nd period - Puck is out of play.
14:02 of 2nd period - Tomas Plekanec wins face-off versus Chuck Kobasew in Avalanche zone.
14:05 of 2nd period - Slapshot by Tomas Plekanec.
14:05 of 2nd period - Shot Misses the Net.
14:25 of 2nd period - Snap shot by Tomas Plekanec.
14:25 of 2nd period - Stopped by Antti Niemi without a rebound.
14:26 of 2nd period - Travis Zajac wins face-off versus Rod Brind'Amour in Avalanche zone.
14:33 of 2nd period - Wrist shot by Paul Kariya.
14:33 of 2nd period - Stopped by Antti Niemi without a rebound.
14:34 of 2nd period - Rod Brind'Amour wins face-off versus Paul Kariya in Avalanche zone.
15:27 of 2nd period - Penalty to Frantisek Kaberle is over, Frantisek Kaberle is back on ice.
15:43 of 2nd period - Stephane Robidas is hit by Jack Johnson and loses puck.
16:11 of 2nd period - Wrist shot by Rostislav Olesz.
16:11 of 2nd period - Stopped by Tuukka Rask without a rebound.
16:12 of 2nd period - Travis Zajac wins face-off versus Jason Pominville in Blues zone.
16:12 of 2nd period - Travis Zajac is hit by Mike Comrie.
16:22 of 2nd period - Snap shot by Travis Zajac.
16:22 of 2nd period - Stopped by Antti Niemi with a rebound.
16:24 of 2nd period - Wrist shot by Teemu Selanne.
16:24 of 2nd period - Shot Blocked by Mike Comrie.
16:26 of 2nd period - Snap shot by Travis Zajac.
16:26 of 2nd period - Shot Misses the Net.
16:38 of 2nd period - Rostislav Olesz is hit by Henrik Zetterberg and loses puck.
17:02 of 2nd period - Snap shot by Jarkko Ruutu.
17:02 of 2nd period - Shot Misses the Net.
17:04 of 2nd period - Snap shot by Jarkko Ruutu.
17:04 of 2nd period - Shot Misses the Net.
17:08 of 2nd period - Wrist shot by Jarkko Ruutu.
17:08 of 2nd period - Shot Blocked by Stephane Robidas.
17:20 of 2nd period - Stephane Robidas is hit by Curtis Glencross and loses puck.
17:39 of 2nd period - Vaclav Varada is hit by Ossi Vaananen and loses puck.
18:12 of 2nd period - Rostislav Olesz is hit by Henrik Zetterberg and loses puck.
18:30 of 2nd period - Backhand shot by Matthew Lombardi.
18:30 of 2nd period - Stopped by Antti Niemi with a rebound.
19:15 of 2nd period - Jamie Langenbrunner is hit by Ron Hainsey and loses puck.
19:37 of 2nd period - Slapshot by Stephane Robidas.
19:37 of 2nd period - Shot Misses the Net.
19:49 of 2nd period - Vaclav Varada is hit by Rod Brind'Amour and loses puck.
3rd period
0:01 of 3rd period - Travis Zajac wins face-off versus Mike Comrie in neutral zone.
0:11 of 3rd period - Mike Comrie is hit by Tobias Enstrom and loses puck.
0:26 of 3rd period - Henrik Zetterberg is hit by Bobby Ryan and loses puck.
0:35 of 3rd period - Wrist shot by Bobby Ryan.
0:35 of 3rd period - Stopped by Tuukka Rask with a rebound.
0:58 of 3rd period - Off-side.
0:59 of 3rd period - Travis Zajac wins face-off versus Mike Comrie in neutral zone.
1:01 of 3rd period - Off-side.
1:02 of 3rd period - Mike Comrie wins face-off versus Travis Zajac in neutral zone.
1:05 of 3rd period - Teemu Selanne is hit by Ryan Smyth and loses puck.
1:30 of 3rd period - Snap shot by Bryce Lampman.
1:30 of 3rd period - Shot Misses the Net.
1:34 of 3rd period - Snap shot by Henrik Zetterberg.
1:34 of 3rd period - Shot Blocked by Frantisek Kaberle.
1:36 of 3rd period - Snap shot by Tomas Plekanec.
1:36 of 3rd period - Shot Blocked by Frantisek Kaberle.
1:38 of 3rd period - Slapshot by Bryce Lampman.
1:38 of 3rd period - Deflect By Rostislav Olesz.
1:38 of 3rd period - Stopped by Antti Niemi with a rebound.
1:54 of 3rd period - Snap shot by Jarkko Ruutu.
1:54 of 3rd period - Shot Misses the Net.
2:31 of 3rd period - Major / Game Misconduct Penalty to Ryan Smyth for Unsportsmanlike conduct.
2:31 of 3rd period - Ryan Smyth is ejected from game.
2:32 of 3rd period - Travis Zajac wins face-off versus Rod Brind'Amour in Avalanche zone.
2:43 of 3rd period - Snap shot by Travis Zajac.
2:43 of 3rd period - Shot Misses the Net.
2:45 of 3rd period - Slapshot by Teemu Selanne.
2:45 of 3rd period - Stopped by Antti Niemi with a rebound.
2:47 of 3rd period - Snap shot by Tobias Enstrom.
2:47 of 3rd period - Shot Misses the Net.
2:57 of 3rd period - Henrik Zetterberg is hit by Chuck Kobasew.
3:44 of 3rd period - Travis Zajac is hit by Jarkko Ruutu and loses puck.
4:31 of 3rd period - Niklas Kronwall is hit by Éric Perrin and loses puck.
4:50 of 3rd period - Snap shot by Matthew Lombardi.
4:50 of 3rd period - Shot Blocked by Ron Hainsey.
4:52 of 3rd period - Snap shot by Vaclav Varada.
4:52 of 3rd period - Shot Misses the Net.
4:54 of 3rd period - Slapshot by Dan Boyle.
4:54 of 3rd period - Shot Misses the Net.
5:17 of 3rd period - Jack Johnson is hit by Matthew Lombardi and loses puck.
5:58 of 3rd period - Wrist shot by Éric Belanger.
5:58 of 3rd period - Goal by Éric Belanger - Blues : 4 - Avalanche : 2.
5:59 of 3rd period - Tomas Plekanec wins face-off versus Rod Brind'Amour in neutral zone.
6:24 of 3rd period - Tobias Enstrom is hit by Jarkko Ruutu and loses puck.
7:01 of 3rd period - Dan Boyle is hit by Jarkko Ruutu and loses puck.
7:31 of 3rd period - Penalty to Ryan Smyth is over, Bobby Ryan is send on ice.
8:12 of 3rd period - Frantisek Kaberle is hit by Bryce Lampman and loses puck.
9:00 of 3rd period - Marc Staal is hit by Matthew Lombardi and loses puck.
9:27 of 3rd period - Ville Peltonen is hit by Curtis Glencross.
9:28 of 3rd period - Icing by Ville Peltonen.
9:29 of 3rd period - Éric Perrin wins face-off versus Éric Belanger in Blues zone.
9:38 of 3rd period - Martin Lapointe is hit by Vaclav Varada and loses puck.
9:45 of 3rd period - Slapshot by Vaclav Varada.
9:45 of 3rd period - Shot Misses the Net.
10:03 of 3rd period - Snap shot by Mike Comrie.
10:03 of 3rd period - Shot Misses the Net.
10:05 of 3rd period - Snap shot by Jeremy Roenick.
10:05 of 3rd period - Stopped by Tuukka Rask without a rebound.
10:06 of 3rd period - Mike Comrie wins face-off versus Tomas Plekanec in Blues zone.
10:58 of 3rd period - Off-side.
10:59 of 3rd period - Éric Perrin wins face-off versus Tomas Plekanec in neutral zone.
11:08 of 3rd period - Snap shot by Curtis Glencross.
11:08 of 3rd period - Stopped by Tuukka Rask without a rebound.
11:09 of 3rd period - Mike Comrie wins face-off versus Henrik Zetterberg in Blues zone.
11:25 of 3rd period - Off-side.
11:26 of 3rd period - Travis Zajac wins face-off versus Rod Brind'Amour in neutral zone.
11:31 of 3rd period - Snap shot by Teemu Selanne.
11:31 of 3rd period - Stopped by Antti Niemi without a rebound.
11:32 of 3rd period - Rod Brind'Amour wins face-off versus Travis Zajac in Avalanche zone.
11:32 of 3rd period - Rod Brind'Amour is hit by Dan Boyle.
11:35 of 3rd period - Minor Penalty to Jarkko Ruutu for Hooking.
11:36 of 3rd period - Rod Brind'Amour wins face-off versus Teemu Selanne in Avalanche zone.
12:11 of 3rd period - Snap shot by Tobias Enstrom.
12:11 of 3rd period - Deflect By Tomas Plekanec.
12:11 of 3rd period - Shot Misses the Net.
12:11 of 3rd period - Puck is out of play.
12:12 of 3rd period - Rod Brind'Amour wins face-off versus Travis Zajac in Avalanche zone.
13:12 of 3rd period - Wrist shot by Paul Kariya.
13:12 of 3rd period - Deflect By Martin Lapointe.
13:12 of 3rd period - Shot Misses the Net.
13:12 of 3rd period - Puck is out of play.
13:13 of 3rd period - Chuck Kobasew wins face-off versus Tomas Plekanec in Avalanche zone.
13:35 of 3rd period - Penalty to Jarkko Ruutu is over, Jarkko Ruutu is back on ice.
13:48 of 3rd period - Slapshot by Martin Lapointe.
13:48 of 3rd period - Stopped by Tuukka Rask without a rebound.
13:49 of 3rd period - Mike Comrie wins face-off versus Matthew Lombardi in Blues zone.
13:50 of 3rd period - Wrist shot by Jason Pominville.
13:50 of 3rd period - Stopped by Tuukka Rask without a rebound.
13:51 of 3rd period - Matthew Lombardi wins face-off versus Mike Comrie in Blues zone.
13:56 of 3rd period - Snap shot by R.J. Umberger.
13:56 of 3rd period - Shot Misses the Net.
14:36 of 3rd period - Off-side.
14:37 of 3rd period - Éric Perrin wins face-off versus Tomas Plekanec in neutral zone.
14:42 of 3rd period - Slapshot by Éric Perrin.
14:42 of 3rd period - Shot Misses the Net.
14:47 of 3rd period - Minor Penalty to Éric Perrin for Interference.
14:48 of 3rd period - Travis Zajac wins face-off versus Rod Brind'Amour in Avalanche zone.
14:49 of 3rd period - Wrist shot by Teemu Selanne.
14:49 of 3rd period - Stopped by Antti Niemi with a rebound.
14:51 of 3rd period - Slapshot by Tobias Enstrom.
14:51 of 3rd period - Shot Misses the Net.
14:53 of 3rd period - Slapshot by Tobias Enstrom.
14:53 of 3rd period - Stopped by Antti Niemi with a rebound.
14:55 of 3rd period - Snap shot by Paul Kariya.
14:55 of 3rd period - Stopped by Antti Niemi with a rebound.
14:57 of 3rd period - Snap shot by Tobias Enstrom.
14:57 of 3rd period - Stopped by Antti Niemi with a rebound.
14:59 of 3rd period - Snap shot by Paul Kariya.
14:59 of 3rd period - Shot Blocked by Marc Staal.
15:01 of 3rd period - Slapshot by Tobias Enstrom.
15:01 of 3rd period - Stopped by Antti Niemi without a rebound.
15:02 of 3rd period - Travis Zajac wins face-off versus Rod Brind'Amour in Avalanche zone.
15:29 of 3rd period - Henrik Zetterberg is hit by Chuck Kobasew and loses puck.
15:58 of 3rd period - Marc Staal is hit by Niklas Kronwall and loses puck.
16:47 of 3rd period - Penalty to Éric Perrin is over, Éric Perrin is back on ice.
16:58 of 3rd period - Niklas Kronwall is hit by Jason Pominville and loses puck.
17:11 of 3rd period - Éric Belanger is hit by Jeremy Roenick and loses puck.
17:34 of 3rd period - Slapshot by Bryce Lampman.
17:34 of 3rd period - Shot Misses the Net.
17:42 of 3rd period - Wrist shot by Rostislav Olesz.
17:42 of 3rd period - Shot Blocked by Bryce Lampman.
18:01 of 3rd period - Off-side.
18:02 of 3rd period - Rod Brind'Amour wins face-off versus R.J. Umberger in neutral zone.
18:50 of 3rd period - Mike Comrie is hit by Dan Boyle and loses puck.
19:25 of 3rd period - Ron Hainsey is hit by Steve McCarthy and loses puck.
19:32 of 3rd period - Slapshot by Matthew Lombardi.
19:32 of 3rd period - Shot Misses the Net.
19:34 of 3rd period - Snap shot by R.J. Umberger.
19:34 of 3rd period - Goal by R.J. Umberger - Blues : 5 - Avalanche : 2.
19:35 of 3rd period - Jeremy Roenick wins face-off versus Travis Zajac in neutral zone.
19:37 of 3rd period - Frantisek Kaberle is hit by Travis Zajac and loses puck.
19:41 of 3rd period - Minor Penalty to Frantisek Kaberle for Tripping.
19:42 of 3rd period - Rod Brind'Amour wins face-off versus Travis Zajac in Avalanche zone.
19:42 of 3rd period - Rod Brind'Amour is hit by Dan Boyle.
Output by the SimonT Hockey Simulator (STHS) for François Prévost -- Original Page W3C XHTML 1.0 Valid